 Dungeon Crawl Stone Soup version 0.23-a0-344-ge122d05 (webtiles) character file.

30809 MisterFreud the Unseen (level 13, -2/55 HPs)
             Began as a Felid Artificer on Oct 19, 2018.
             Was a Follower of Uskayaw.
             Slain by a four-headed hydra (8 damage)
             ... on level 6 of the Lair of Beasts.
             The game lasted 01:12:01 (23903 turns).

MisterFreud the Unseen (Felid Artificer)           Turns: 23903, Time: 01:12:03

Health: -2/55      AC:  3    Str: 14    XL:     13   Next: 22%
Magic:  20/20      EV: 31    Int: 11    God:    Uskayaw [*.....]
Gold:   389        SH:  0    Dex: 20    Spells: 1/12 levels left
                                        Lives:  0   Deaths: 3

rFire    . . .     SeeInvis +     - Unarmed
rCold    + . .     Gourm    .   (shield unavailable)
rNeg     . . .     Faith    .   (armour unavailable)
rPois    .         Spirit   .   (helmet unavailable)
rElec    .         Reflect  .   (cloak unavailable)
rCorr    .         Harm     .   (gloves unavailable)
MR       +....                  (boots unavailable)
Stlth    +++++++...             x - amulet of regeneration
HPRegen  0.58/turn              u - ring "Megousuf" {Int-4 Dex+3 Slay+5} (curse)
MPRegen  0.17/turn              y - +4 ring of strength

@: quick
A: very small, no armour, no weapons or thrown items, stealth, claws 1, fangs 3,
see invisible, carnivore, speed 1, shaggy fur 3, slow metabolism 1, sharp paws
a: Stomp, Renounce Religion


You were on level 6 of the Lair of Beasts.
You worshipped Uskayaw.
Uskayaw was aware of your devotion.
You were completely stuffed.

You visited 4 branches of the dungeon, and saw 22 of its levels.

You collected 2363 gold pieces.
You spent 1974 gold pieces at shops.

Inventory:

Jewellery
 k - an uncursed ring of wizardry
 u - the cursed ring "Megousuf" (left paw) {Int-4 Dex+3 Slay+5}
   (You found it on level 10 of the Dungeon)

   [ring of intelligence]

   It affects your intelligence (-4).
   It affects your dexterity (+3).
   It affects your accuracy and damage with ranged weapons and melee attacks
   (+5).
   It has a curse placed upon it.
 v - an uncursed ring of flight
 x - an amulet of regeneration (around neck)
 y - a +4 ring of strength (right paw)
 A - an uncursed ring of fire
 C - an uncursed ring of protection from fire
 K - an uncursed ring of positive energy {unknown}
Wands
 b - a wand of enslavement (13)
 c - a wand of random effects (87)
 n - a wand of polymorph (16)
 q - a wand of acid (20)
 r - a wand of disintegration (7)
 t - a wand of digging (1)
 B - a wand of paralysis (10)
 E - a wand of flame (8)
Scrolls
 g - 5 scrolls of identify
 o - 6 scrolls of fear
 p - 7 scrolls of teleportation
 w - 8 scrolls of remove curse
 G - 2 scrolls of fog
 J - a scroll of blinking
Potions
 a - 3 potions of heal wounds
 e - 3 potions of resistance
 f - 3 potions of flight
 h - a potion of magic
 i - a potion of brilliance
 j - 10 potions of curing
 l - 5 potions of might
 m - 7 potions of haste
 s - a potion of ambrosia
 z - a potion of agility
 D - a potion of invisibility
 I - 3 potions of mutation
 M - a potion of cancellation {unknown}
Miscellaneous
 F - a lightning rod (4/4)
 H - a box of beasts
 L - a sack of spiders
Comestibles
 d - 41 rations


   Skills:
 - Level 6.0 Fighting
 + Level 14.1 Dodging
 + Level 15.8 Stealth
 * Level 15.7 Unarmed Combat
 + Level 6.4 Hexes
 - Level 8.0 Invocations
 - Level 9.1 Evocations


You had one spell level left.
You knew the following spells:

 Your Spells              Type           Power        Failure   Level  Hunger
a - Ensorcelled Hibernat  Hex/Ice        #.....       14%         2    ###....
b - Confuse               Hex            ##......     8%          3    ####...
c - Statue Form           Tmut/Erth      #........    100%        6    #######

Your spell library contained the following spells:

 Spells                   Type           Power        Failure   Level  Hunger
 Corona                   Hex            ##.....      2%          1    ##.....
 Slow                     Hex            ##......     3%          2    ###....
 Tukima's Dance           Hex            ##......     8%          3    ####...
 Cause Fear               Hex            ##........   26%         4    #####..
 Dazzling Spray           Conj/Hex       #.....       28%         3    ####...
 Inner Flame              Hex/Fire       #.......     28%         3    ####...
 Corpse Rot               Necr           N/A          47%         2    ###....
 Sublimation of Blood     Necr           #.........   47%         2    ###....
 Leda's Liquefaction      Hex/Erth       #.........   67%         4    #####..
 Agony                    Necr           #.......     100%        5    ######.
 Bolt of Draining         Conj/Necr      #.........   100%        5    ######.
 Bolt of Magma            Conj/Fire/Erth #.........   100%        5    ######.
 Dispel Undead            Necr           #.......     100%        5    ######.
 Iron Shot                Conj/Erth      #.........   100%        6    #######
 Shatter                  Erth           #.........   100%        9    #######
 Portal Projectile        Hex/Tloc       Unusable     N/A         3    N/A
 Excruciating Wounds      Chrm/Necr      Unusable     N/A         5    N/A

Dungeon Overview and Level Annotations

Branches:
Dungeon (13/15)            Temple (1/1) D:6            Lair (6/6) D:10
 Shoals (0/4) Lair:4       Spider (0/4) Lair:3        Slime (0/5) Lair:6
    Orc (2/2) D:12            Elf (0/3) Orc:2
 Vaults: D:13-14

Altars:
Ashenzari
Dithmenos
Elyvilon
Gozag
Kikubaaqudgha
Makhleb
Okawaru
Qazlal
Ru
Sif Muna
Trog
Uskayaw
Vehumet
Xom
Yredelemnul
The Shining One
Beogh

Shops:
D:10 *   Orc:2 :!}[!

Annotations:
D:2 Sigmund
Lair:4 exclusion: downstairs


Innate Abilities, Weirdness & Mutations

You cannot wear armour.
You are incapable of wielding weapons or throwing items.
Your paws allow you to move quietly. (Stealth)
You have sharp claws.
You have razor-sharp teeth.
You have supernaturally acute eyesight. (SInv)
You are carnivorous and can eat meat at any time.
You cover ground quickly.
Your thick and shaggy fur keeps you warm. (AC +3, rC+)
You have a slow metabolism.
Your sharp claws are effective at attacking unaware monsters.


Message History

The four-headed hydra misses you. The four-headed hydra bites you.
You scratch the four-headed hydra. You bite the four-headed hydra.
The four-headed hydra is moderately wounded.
The four-headed hydra completely misses you.
The four-headed hydra bites you. The four-headed hydra bites you!
The four-headed hydra barely misses you.
You scratch the four-headed hydra.
The four-headed hydra is moderately wounded.
You barely miss the four-headed hydra.
The four-headed hydra is moderately wounded.
The four-headed hydra bites you! The four-headed hydra misses you. x2
The four-headed hydra barely misses you.
You mangle the four-headed hydra!! You claw the four-headed hydra!
You bite the four-headed hydra.
The four-headed hydra is almost dead.
The four-headed hydra bites you!
* * * LOW HITPOINT WARNING * * *
The four-headed hydra barely misses you.
The four-headed hydra bites you!
You die...

##...........#
#.†.........#
##...........#
#............#
#............#
##..........##
#..........##
##...........#
#....@......##
##...D†.....##
#...........#
##...........#
#............#
#............##
##............#
#...........##
##.......)...#


You could see a four-headed hydra.

Vanquished Creatures
  Rupert (Lair:3)
  Gastronok (D:9)
  A ghoul (D:13)
  Snorg (Lair:3)
  An ettin (Orc:1)
  4 hydras
  Erica (D:11)
  Harold (D:11)
  2 two-headed ogres (D:11)
  2 ogre magi (Orc:2)
  5 death yaks (Lair:5)
  Urug (Lair:5)
  A tengu warrior (D:11)
  2 unseen horrors (D:11)
  2 orc knights
  A deep elf mage (D:11)
  12 orc sorcerers
  An ugly thing (D:12)
  A cyclops (D:11)
  2 manticores (D:11)
  Maurice (D:9)
  6 spiny frogs
  6 elephants (Lair:6)
  6 black mambas
  2 gargoyles
  4 rime drakes
  A kobold demonologist (D:12)
  4 centaur skeletons
  7 komodo dragons
  4 trolls
  A hornet (D:11)
  2 polar bears
  Prince Ribbit (D:8)
  19 blink frogs
  A snapping turtle (Lair:4)
  A meliai zombie (D:13)
  10 slime creatures
  11 hippogriffs
  9 wyverns
  2 redbacks (Lair:3)
  14 yaks
  A shadow (D:11)
  A wraith (D:10)
  8 basilisks
  A human (D:9)
  5 hungry ghosts
  2 steam dragons (D:11)
  3 hogs (D:9)
  A vampire mosquito (D:11)
  3 wargs
  16 water moccasins
  A hell hound (Lair:5)
  9 porcupines
  15 orc warriors
  5 ice beasts
  A sky beast (D:10)
  2 black bears
  2 necrophages
  An eye of draining (D:11)
  3 phantoms
  7 ogres
  6 wolves (Lair:5)
  4 centaurs
  6 crocodiles
  2 big kobolds (D:10)
  13 bullfrogs
  A wyvern zombie (D:8)
  5 scorpions
  4 killer bees (D:8)
  29 wights
  4 bullfrog zombies
  2 centaur zombies
  A quasit (D:10)
  6 crimson imps
  9 orc priests
  3 bullfrog skeletons
  10 hounds
  6 jellies
  34 orc wizards
  Terence (D:3)
  An iguana (D:4)
  8 worker ants
  A killer bee zombie (D:6)
  A hound zombie (D:7)
  2 hound skeletons (D:6)
  A mummy (D:13)
  Robin (D:2)
  2 worker ant zombies
  15 adders
  4 gnolls
  5 shadow imps
  6 oozes
  An adder zombie (D:9)
  A worm (D:4)
  A dart slug (D:4)
  2 leopard geckos
  82 orcs
  12 bats
  5 giant cockroaches
  8 goblins
  8 hobgoblins
  7 jackals
  7 quokkas
  3 ball pythons
  4 frilled lizards
  A jackal skeleton (D:7)
  17 kobolds
  A quokka skeleton (D:4)
  A quokka zombie (D:5)
  11 rats
607 creatures vanquished.

Vanquished Creatures (others)
  A rime drake (Lair:6)
  An orc wizard (D:5)
  6 fungi
  3 plants
11 creatures vanquished.

Grand Total: 618 creatures vanquished

Notes
Turn   | Place    | Note
-------+----------+-------------------------------------------
     0 | D:1      | MisterFreud the Felid Artificer began the quest for the
                  | Orb.
     0 | D:1      | Reached XP level 1. HP: 9/9 MP: 4/4
   226 | D:1      | Reached XP level 2. HP: 4/12 MP: 5/5
  1599 | D:1      | Reached XP level 3. HP: 15/15 MP: 6/6
  1763 | D:2      | Noticed Sigmund
  1818 | D:2      | Reached skill level 5 in Stealth
  1831 | D:2      | Noticed Robin
  1838 | D:2      | Found a faded altar of an unknown god.
  2329 | D:2      | Found an opulent altar of Gozag.
  2543 | D:2      | Reached XP level 4. HP: 16/19 MP: 7/7
  2685 | D:2      | Killed Robin
  3366 | D:3      | Found a shattered altar of Ashenzari.
  3370 | D:3      | Saw a vision of the Shoals and the Spider Nest.
  3370 | D:3      | Noticed a redback
  3370 | D:3      | Noticed a merfolk
  3370 | D:3      | Noticed a merfolk siren
  3370 | D:3      | Noticed a merfolk
  3370 | D:3      | Noticed a wolf spider
  3370 | D:3      | Noticed a merfolk siren
  3370 | D:3      | Noticed a redback
  3370 | D:3      | Noticed a centaur
  3370 | D:3      | Noticed a merfolk
  3370 | D:3      | Noticed a merfolk
  3370 | D:3      | Noticed a redback
  3370 | D:3      | Noticed a merfolk
  3373 | D:3      | Noticed a redback
  3400 | D:3      | Found a white marble altar of Elyvilon.
  3400 | D:3      | Found a shimmering altar of Xom.
  3921 | D:3      | Noticed Terence
  3957 | D:3      | Killed Terence
  3957 | D:3      | Reached XP level 5. HP: 16/22 MP: 8/8
  4618 | D:4      | Slain by an iguana
  4619 | D:4      | Reached XP level 4. HP: -3/19 MP: 7/7
  4834 | D:4      | Reached XP level 5. HP: 10/22 MP: 8/8
  6264 | D:5      | Entered Level 5 of the Dungeon
  6281 | D:5      | Reached skill level 5 in Unarmed Combat
  6347 | D:5      | Gained mutation: You are covered in thick fur. (AC +2)
                  | [Felid growth]
  6347 | D:5      | Reached XP level 6. HP: 23/25 MP: 9/9
  6470 | D:5      | Reached XP level 7. HP: 28/28 MP: 9/11
  6490 | D:5      | Noticed a wyvern
  6502 | D:5      | Killed a wyvern
  6502 | D:5      | Reached skill level 5 in Dodging
  6502 | D:5      | Reached skill level 5 in Evocations
  7332 | D:5      | Found a stormy altar of Qazlal.
  7865 | D:6      | Found a staircase to the Ecumenical Temple.
  7872 | Temple   | Entered the Ecumenical Temple
  7923 | Temple   | Became a worshipper of Uskayaw the Reveler
  7949 | D:6      | Reached * piety under Uskayaw
  7951 | D:6      | Reached ** piety under Uskayaw
  7952 | D:6      | Reached XP level 8. HP: 32/32 MP: 12/12
  8086 | D:6      | Reached *** piety under Uskayaw
  8148 | D:6      | Reached skill level 1 in Invocations
  8718 | D:7      | Noticed a hippogriff
  8728 | D:7      | Killed a hippogriff
  9330 | D:7      | Found a basalt altar of Yredelemnul.
  9395 | D:7      | Reached XP level 9. HP: 19/35 MP: 13/13
  9941 | D:7      | Noticed a troll
 10238 | D:7      | Killed a troll
 10238 | D:7      | Reached skill level 10 in Stealth
 10496 | D:8      | Found a radiant altar of Vehumet.
 10497 | D:8      | Found a burning altar of Makhleb.
 10590 | D:8      | Reached **** piety under Uskayaw
 10604 | D:8      | Reached skill level 5 in Invocations
 10604 | D:8      | Reached ***** piety under Uskayaw
 10613 | D:8      | Reached ****** piety under Uskayaw
 11009 | D:8      | Noticed Prince Ribbit
 11030 | D:8      | Killed Prince Ribbit
 11242 | D:9      | Reached XP level 10. HP: 10/39 MP: 15/15
 11342 | D:9      | Found a sacrificial altar of Ru.
 11416 | D:9      | Found a shattered altar of Ashenzari.
 11455 | D:9      | Found a sacrificial altar of Ru.
 11455 | D:9      | Found an iron altar of Okawaru.
 11456 | D:9      | Found a glowing golden altar of the Shining One.
 11485 | D:9      | Noticed Maurice
 11486 | D:9      | Killed Maurice
 11505 | D:9      | Reached skill level 10 in Dodging
 11713 | D:9      | Noticed Gastronok
 11867 | D:9      | Killed Gastronok
 11867 | D:9      | Reached skill level 10 in Unarmed Combat
 12055 | D:9      | Reached XP level 11. HP: 42/42 MP: 17/17
 12316 | D:10     | Entered Level 10 of the Dungeon
 12337 | D:10     | Found Pireacex's Assorted Antiques.
 12343 | D:10     | Bought a long bronze wand for 136 gold pieces
 12346 | D:10     | Found a bloodstained altar of Trog.
 12464 | D:10     | Got a transparent iron ring
 12466 | D:10     | Identified the cursed ring "Megousuf" {Int-4 Dex+3 Slay+5}
                  | (You found it on level 10 of the Dungeon)
 12666 | D:10     | Found a staircase to the Lair.
 13267 | D:11     | Reached skill level 5 in Fighting
 13307 | Lair:1   | Entered Level 1 of the Lair of Beasts
 13307 | Lair:1   | Noticed an eight-headed hydra
 13309 | Lair:1   | Killed an eight-headed hydra
 13706 | Lair:1   | Found a labyrinth entrance.
 14472 | Lair:2   | Gained mutation: Your thick and shaggy fur keeps you warm.
                  | (AC +3, rC+) [Felid growth]
 14472 | Lair:2   | Reached XP level 12. HP: 44/52 MP: 19/19
 15075 | Lair:2   | You fall through a shaft for 2 floors!
 15355 | Lair:3   | Found a hole to the Spider Nest.
 15363 | Lair:3   | Noticed Snorg
 15370 | Lair:3   | Killed Snorg
 15374 | Lair:3   | Noticed Rupert
 15386 | Lair:3   | Killed Rupert
 16149 | Lair:4   | Found a staircase to the Shoals.
 17034 | Lair:5   | Noticed a death yak
 17034 | Lair:5   | Noticed a death yak
 17034 | Lair:5   | Noticed a death yak
 17034 | Lair:5   | Noticed a death yak
 17034 | Lair:5   | Noticed a death yak
 17421 | D:11     | Noticed Erica
 17428 | D:11     | Killed Erica
 17515 | D:11     | Reached XP level 13. HP: 54/55 MP: 17/20
 18263 | D:12     | HP: 2/55 [slime creature (11)]
 18783 | D:12     | Found a staircase to the Orcish Mines.
 18928 | D:11     | Noticed Harold
 18942 | D:11     | Killed Harold
 19224 | D:13     | Noticed a ghoul
 19232 | D:13     | Killed a ghoul
 19342 | D:13     | Noticed a ghoul
 19407 | Orc:1    | Entered Level 1 of the Orcish Mines
 19484 | Orc:2    | Entered Level 2 of the Orcish Mines
 19648 | Orc:2    | Found Lovep's Distillery.
 19665 | Orc:2    | Bought a potion of heal wounds for 80 gold pieces
 19665 | Orc:2    | Bought a potion of heal wounds for 80 gold pieces
 19665 | Orc:2    | Bought a potion of heal wounds for 80 gold pieces
 19665 | Orc:2    | Bought 2 potions of heal wounds for 160 gold pieces
 19665 | Orc:2    | Bought a potion of curing for 48 gold pieces
 19665 | Orc:2    | Bought 2 potions of curing for 96 gold pieces
 19665 | Orc:2    | Bought a potion of curing for 48 gold pieces
 19665 | Orc:2    | Bought a potion of might for 64 gold pieces
 19665 | Orc:2    | Bought a potion of agility for 64 gold pieces
 19665 | Orc:2    | Bought 2 potions of might for 128 gold pieces
 20031 | Orc:1    | Noticed an ettin
 20122 | Orc:1    | Killed an ettin
 20601 | Orc:2    | Found a staircase to the Elven Halls.
 21372 | Orc:2    | Found Erchy's Antique Armour Boutique.
 21419 | Orc:2    | Found Romn's Book Shop.
 21438 | Orc:2    | Bought a book of Maledictions for 275 gold pieces
 21438 | Orc:2    | Bought a book of the Earth for 715 gold pieces
 21441 | Orc:2    | Learned a level 2 spell: Ensorcelled Hibernation
 21445 | Orc:2    | Learned a level 3 spell: Confuse
 21491 | Orc:2    | Found a radiant altar of Vehumet.
 21541 | Orc:2    | Reached skill level 1 in Hexes
 21541 | Orc:2    | Reached XP level 14. HP: 28/60 MP: 21/21
 21637 | Orc:2    | Found Utuem's Gadget Boutique.
 21662 | Orc:2    | Found an ancient bone altar of Kikubaaqudgha.
 21716 | Orc:2    | Found a roughly hewn altar of Beogh.
 21719 | Orc:2    | Found Wusurch's Distillery.
 22303 | Lair:5   | Reached skill level 15 in Stealth
 22303 | Lair:5   | Reached skill level 15 in Unarmed Combat
 22425 | Lair:5   | Killed from afar by a rime drake
 22426 | Lair:5   | Reached XP level 13. HP: 0/55 MP: 20/20
 22481 | Lair:4   | Learned a level 6 spell: Statue Form
 22668 | Lair:5   | Noticed Urug
 22684 | Lair:5   | Mangled by Urug
 22685 | Lair:5   | Reached XP level 12. HP: -6/52 MP: 19/19
 22743 | Lair:5   | Killed Urug
 22918 | Lair:5   | Killed a death yak
 22927 | Lair:5   | Killed a death yak
 22957 | Lair:5   | Killed a death yak
 22957 | Lair:5   | Reached skill level 5 in Hexes
 22959 | Lair:5   | Killed a death yak
 22964 | Lair:5   | Killed a death yak
 23121 | Lair:5   | Killed a five-headed hydra
 23302 | Lair:6   | Entered Level 6 of the Lair of Beasts
 23400 | Lair:6   | Found a staircase to the Slime Pits.
 23628 | Lair:6   | Reached XP level 13. HP: 39/55 MP: 20/20
 23903 | Lair:6   | Slain by a four-headed hydra

Vault maps used:
D:1:      dpeg_arrival_tiny_f
D:2:      chequers_ecumenical_altar_simple_redux, serial_bayou_pond_a,
          grunt_gozag_breadcrumbs, uniq_robin, uniq_sigmund
D:3:      amethyst_overflow_temple_binary, serial_corexii_hall,
          corexii_hall_statues_l, corexii_hall_statues_t,
          corexii_hall_statues_deadend, grunt_ashenzari_visionary,
          uniq_crazy_yiuf_cottage, uniq_terence
D:4:      first_ration, serial_glass, glass_columns_a, glass_columns_c
D:5:      kennysheep_little_box, chequers_serial_rivers_room_a
D:6:      minmay_temple_entry_junction_2, minmay_small_thing
D:7:      basic_altar
D:8:      grunt_temple_overflow_lords_of_destruction, uniq_prince_ribbit1
D:9:      chequers_temple_overflow_statue_of_worship, grunt_livestock,
          nicolae_ru_awakened_eye, uniq_maurice, uniq_gastronok
D:10:     erik_lair_orcish_takeover, serial_shops, shop, dk_noncrumbling_4,
          trog_book
D:11:     hangedman_cross_veins, uniq_harold, uniq_erica
D:12:     orc_0_dummy
D:13:     serial_undead, serial_undead_a, serial_undead_e, serial_undead_f,
          serial_undead_a, serial_undead_f, serial_undead_f, serial_undead_e,
          serial_undead_e, portal_ice_cave_entry_pillars_1,
          palyth_stone_intersect
Temple:   nicolae_temple_figure_eight
Lair:1:   lab_entry_generic, lemuel_old_faithful
Lair:2:   serial_bayou_shore_b
Lair:3:   spider_nest_entry_webs, uniq_snorg, uniq_rupert
Lair:4:   minmay_shoals_entry_hut, lemuel_fruit_tree, grunt_megastairs_1
Lair:5:   special_room, infiniplex_staircase_pool_2, uniq_urug
Lair:6:   hangedman_lair_in_review, nicolae_slime_entry_slimehenge, zaba_anthell
Orc:1:    nicolae_orc_accident_3
Orc:2:    kennysheep_orc_mage_school, serial_shops, shop

Skill      XL: |  1  2  3  4  5  6  7  8  9 10 11 12 13 14 |
---------------+-------------------------------------------+-----
Stealth        | 3 4 5 6 9 10 12 13 14 15 | 15.8
Unarmed Combat | 4 5 6 7 8 10 11 13 14 15 | 15.7
Dodging        | 4 6 8 10 11 14 | 14.1
Evocations     | 4 5 9 |  9.1
Invocations    | 3 6 7 8 |  8.0
Fighting       | 6 |  6.0
Hexes          | 5 6 3 |  6.4

Action                   |  1- 3 |  4- 6 |  7- 9 | 10-12 | 13-15 || total
-------------------------+-------+-------+-------+-------+-------++-------
Melee: Unarmed           |   154 |   187 |   334 |   536 |   575 ||  1786
       Bite              |    15 |    14 |    29 |    53 |    77 ||   188
       Punch             |       |     3 |    17 |    29 |    54 ||   103
Evoke: Wand              |     8 |    14 |    17 |    21 |    17 ||    77
  Use: Scroll            |     9 |     5 |     7 |     7 |       ||    28
       Potion            |       |     1 |     2 |     2 |    10 ||    15
 Stab: Sleeping          |     6 |    12 |    22 |    51 |    33 ||   124
       Distracted        |     1 |     3 |     2 |     6 |     2 ||    14
       Paralysed         |       |     3 |     9 |    26 |    35 ||    73
       Confused          |       |     1 |       |       |       ||     1
  Eat: Chunk             |    10 |    14 |     9 |    19 |    21 ||    73
Armor: Skin              |     7 |     5 |    17 |     8 |    13 ||    50
Dodge: Dodged            |   131 |   140 |   253 |   385 |   506 ||  1415

Table legend:
 A = Non-vault XP
 B = Vault XP
 C = Vault XP percentage of total XP
 D = Non-vault monster count
 E = Vault monster count
 F = Vault count percentage of total count
                 A         B        C        D         E       F
            +---------+---------+-------+---------+---------+-------
      Total |   56955 |   35953 |  38.7 |     477 |     131 |  21.5
            +---------+---------+-------+---------+---------+-------
        D:1 |      46 |       4 |   8.0 |      30 |       2 |   6.2
        D:2 |      32 |      20 |  38.5 |      13 |       3 |  18.8
        D:3 |      97 |      40 |  29.2 |      29 |       2 |   6.5
        D:4 |     244 |       0 |   0.0 |      17 |       0 |   0.0
        D:5 |     893 |       0 |   0.0 |      23 |       0 |   0.0
        D:6 |     726 |      85 |  10.5 |      16 |       1 |   5.9
        D:7 |    1713 |       0 |   0.0 |      35 |       0 |   0.0
        D:8 |    1225 |     341 |  21.8 |      26 |       2 |   7.1
        D:9 |    3372 |    3586 |  51.5 |      42 |       7 |  14.3
       D:10 |    1888 |     570 |  23.2 |      25 |       8 |  24.2
       D:11 |    5784 |    7910 |  57.8 |      32 |      22 |  40.7
       D:12 |    4814 |       0 |   0.0 |      32 |       0 |   0.0
       D:13 |     464 |    1750 |  79.0 |       8 |       3 |  27.3
     Lair:1 |    3876 |       0 |   0.0 |      15 |       0 |   0.0
     Lair:2 |    3440 |       0 |   0.0 |      18 |       0 |   0.0
     Lair:3 |    3478 |    4549 |  56.7 |      14 |       4 |  22.2
     Lair:4 |    2286 |     721 |  24.0 |      12 |       3 |  20.0
     Lair:5 |    8508 |    7764 |  47.7 |      23 |      24 |  51.1
     Lair:6 |    7539 |     884 |  10.5 |      21 |      10 |  32.3
      Orc:1 |    3534 |     756 |  17.6 |      16 |       6 |  27.3
      Orc:2 |    2996 |    6973 |  69.9 |      30 |      34 |  53.1
            +---------+---------+-------+---------+---------+-------
